 Dungeon Crawl Stone Soup version 0.23-a0-79-gaa8cc03 (webtiles) character file.

659694 Azzok the Conqueror (level 27, -4/405 (409) HPs)
             Began as a Minotaur Fighter on Aug 11, 2018.
             Was an Initiate of Gozag.
             Killed by divine providence
             ... invoked by a smoke demon
             ... summoned by a greater mummy
              (8 damage)
             ... on level 2 of the Tomb of the Ancients.
             The game lasted 03:41:25 (81301 turns).

Azzok the Conqueror (Minotaur Fighter)             Turns: 81301, Time: 03:41:26

HP:   -4/405 (409)  AC: 30    Str: 33      XL:     27
MP:   31/31         EV: 27    Int: 15      God:    Gozag
Gold: 13417         SH: 19    Dex: 19 (22) Spells: 36/43 levels left

rFire    + + +     SeeInvis +   a - +9 broad axe (elec)
rCold    + + .     Gourm    .   B - +2 shield of Resistance {rF+ rC+ MR+}
rNeg     + . .     Faith    .   T - +5 plate armour "Mohoowk" {+Fly rPois rF+ Dex+4}
rPois    +         Spirit   .   n - +3 crown of Dyrovepreva {rElec Int+2 SInv}
rElec    +         Reflect  .   Z - +0 cloak of July {rF+++ Str-2 Int+4}
rCorr    +         Harm     .   Q - +2 pair of gloves {Str+3}
MR       +++++     Clarity  +   I - +1 pair of boots of Grottiness {Int+4}
Stlth    ..........             x - amulet of the Four Winds {rN+ MR+++ Clar}
HPRegen  0.00/turn              z - ring of resist corrosion
MPRegen  0.22/turn              X - ring of the Shrike {rC+ Dex+2 Slay+1}

@: mighty, agile, berserking (expiring), lethally poisoned (-4 -> -24), gold
aura, slowed, bribing [the Tomb of the Ancients]
A: retaliatory headbutt, horns 2, blink, clumsy 1, deformed body, deterioration
2, dopey 1, low mp 1, inhibited regeneration, weak 1
}: 3/15 runes: serpentine, barnacled, silver
a: Blink, Potion Petition, Call Merchant, Bribe Branch, Renounce Religion, Evoke
Flight


You were on level 2 of the Tomb of the Ancients.
You worshipped Gozag.
Gozag was extremely pleased with you.
You were not hungry.

You visited 13 branches of the dungeon, and saw 56 of its levels.
You visited 1 bazaar.
You also visited: Labyrinth, Trove, Ice Cave, Wizlab and Desolation.

You collected 31574 gold pieces.
You spent 9918 gold pieces at shops.
You paid 8239 gold pieces to Gozag.

Inventory:

Hand Weapons
 a - a +9 broad axe of electrocution (weapon)
 L - a +6 broad axe
Missiles
 o - 16 silver javelins
 w - 9 poisoned javelins
 D - 43 javelins
 P - 6 javelins of penetration
 S - 26 javelins of returning (quivered)
Armour
 n - the +3 crown of Dyrovepreva (worn) {rElec Int+2 SInv}
   (You found it on level 4 of the Lair of Beasts)

   It affects your intelligence (+2).
   It insulates you from electricity.
   It lets you see invisible.
 B - the +2 shield of Resistance (worn) {rF+ rC+ MR+}
   (You bought it in a shop on level 1 of the Orcish Mines)

   It protects you from fire.
   It protects you from cold.
   It affects your resistance to hostile enchantments.
 I - the +1 pair of boots of Grottiness (worn) {Int+4}
   (You found it on level 5 of the Depths)

   It affects your intelligence (+4).
 Q - a +2 pair of gloves of strength (worn)
 T - the +5 plate armour "Mohoowk" (worn) {+Fly rPois rF+ Dex+4}
   (You bought it in a shop on level 1 of the Depths)

   It affects your dexterity (+4).
   It protects you from fire.
   It protects you from poison.
   It lets you fly.
 Z - the +0 cloak of July (worn) {rF+++ Str-2 Int+4}
   (You found it on level 4 of the Depths)

   It affects your strength (-2).
   It affects your intelligence (+4).
   It renders you almost immune to fire.
Jewellery
 x - the amulet of the Four Winds (around neck) {rN+ MR+++ Clar}
   (You found it on level 3 of the Elven Halls)

   [amulet of nothing]

   It protects you from negative energy.
   It affects your resistance to hostile enchantments.
   It protects you against confusion.
 z - a ring of resist corrosion (left hand)
 A - an uncursed ring of protection from fire
 X - the ring of the Shrike (right hand) {rC+ Dex+2 Slay+1}
   (You found it in the Desolation of Salt)

   [ring of slaying]

   It affects your dexterity (+2).
   It affects your accuracy and damage with ranged weapons and melee attacks
   (+1).
   It protects you from cold.
 Y - a +5 ring of slaying
Wands
 t - a wand of digging (36)
 F - a wand of acid (52)
 V - a wand of disintegration (12)
 W - a wand of paralysis (18)
Scrolls
 b - 11 scrolls of enchant armour
 g - 35 scrolls of remove curse
 i - 11 scrolls of magic mapping
 l - 7 scrolls of enchant weapon
 m - 7 scrolls of fog
 s - 28 scrolls of teleportation
 u - 7 scrolls of blinking
 y - 8 scrolls of fear
 H - 16 scrolls of identify
 J - 2 scrolls of summoning
 N - 3 scrolls of torment
 O - 3 scrolls of holy word
 R - 6 scrolls of immolation
Potions
 c - 7 potions of flight
 d - 16 potions of haste
 e - 9 potions of mutation {!q}
 h - 11 potions of brilliance
 j - 12 potions of might
 k - 8 potions of cancellation
 p - 22 potions of curing
 q - 10 potions of lignification
 r - 6 potions of ambrosia
 v - a potion of heal wounds
 C - 4 potions of invisibility
 E - 6 potions of agility
 K - 8 potions of berserk rage
 M - 5 potions of magic
 U - 3 potions of resistance
Miscellaneous
 G - a lightning rod (4/4)
Comestibles
 f - 51 rations


   Skills:
 O Level 27 Fighting
 O Level 27 Axes
 + Level 19.3 Throwing
 + Level 19.5 Armour
 + Level 17.5 Dodging
 + Level 19.1 Shields
 - Level 8.9 Spellcasting
 - Level 9.8 Translocations


You had 36 spell levels left.
You knew the following spells:

 Your Spells              Type           Power        Failure   Level  Hunger
a - Blink                 Tloc           N/A          1%          2    None
b - Apportation           Tloc           #####.       1%          1    None
c - Passage of Golubria   Tloc           N/A          7%          4    ###....

Your spell library contained the following spells:

 Spells                   Type           Power        Failure   Level  Hunger
 Cause Fear               Hex            #.........   99%         4    ###....
 Magic Dart               Conj           #...         38%         1    None
 Fireball                 Conj/Fire      #.........   100%        5    #####..
 Conjure Flame            Conj/Fire      #.......     77%         3    #......
 Bolt of Fire             Conj/Fire      #.........   100%        6    ######.
 Bolt of Magma            Conj/Fire/Erth #.........   100%        5    #####..
 Slow                     Hex            #.......     52%         2    None
 Confuse                  Hex            #.......     77%         3    #......
 Invisibility             Hex            #.......     100%        6    ######.
 Throw Flame              Conj/Fire      #.....       52%         2    None
 Throw Frost              Conj/Ice       #.....       52%         2    None
 Freezing Cloud           Conj/Ice/Air   #.........   100%        6    ######.
 Mephitic Cloud           Conj/Pois/Air  #.......     77%         3    #......
 Ring of Flames           Chrm/Fire      #.........   100%        7    #######
 Venom Bolt               Conj/Pois      #.........   100%        5    #####..
 Olgreb's Toxic Radiance  Pois           #.......     99%         4    ###....
 Teleport Other           Tloc           #####...     2%          3    #......
 Summon Small Mammal      Summ           #...         38%         1    None
 Bolt of Draining         Conj/Necr      #.........   100%        5    #####..
 Iskenderun's Mystic Bla  Conj           #.......     99%         4    ###....
 Summon Horrible Things   Summ           #.........   100%        8    #######
 Animate Dead             Necr           N/A          99%         4    ###....
 Pain                     Necr           #...         38%         1    None
 Animate Skeleton         Necr           N/A          38%         1    None
 Vampiric Draining        Necr           #.........   77%         3    #......
 Freeze                   Ice            #...         38%         1    None
 Sticky Flame             Conj/Fire      #.......     99%         4    ###....
 Summon Ice Beast         Ice/Summ       #.......     99%         4    ###....
 Ozocubu's Armour         Chrm/Ice       #.......     77%         3    #......
 Regeneration             Chrm/Necr      #.........   77%         3    #......
 Sting                    Conj/Pois      #...         38%         1    None
 Sublimation of Blood     Necr           #.........   52%         2    None
 Tukima's Dance           Hex            #.......     77%         3    #......
 Summon Greater Demon     Summ           #.........   100%        7    #######
 Iron Shot                Conj/Erth      #.........   100%        6    ######.
 Stone Arrow              Conj/Erth      #.....       77%         3    #......
 Swiftness                Chrm/Air       #.......     52%         2    None
 Recall                   Summ/Tloc      N/A          16%         3    #......
 Death Channel            Necr           #.........   100%        6    ######.
 Deflect Missiles         Chrm/Air       #.........   100%        6    ######.
 Throw Icicle             Conj/Ice       #.......     99%         4    ###....
 Airstrike                Air            #.........   99%         4    ###....
 Confusing Touch          Hex            #.....       38%         1    None
 Flame Tongue             Conj/Fire      #....        38%         1    None
 Passwall                 Tmut/Erth      #.......     52%         2    None
 Ignite Poison            Fire/Tmut/Pois #.......     77%         3    #......
 Call Canine Familiar     Summ           #.......     77%         3    #......
 Ensorcelled Hibernation  Hex/Ice        #.....       52%         2    None
 Metabolic Englaciation   Hex/Ice        #.........   100%        5    #####..
 Summon Butterflies       Summ           #.......     38%         1    None
 Silence                  Hex/Air        #.........   100%        5    #####..
 Static Discharge         Conj/Air       #.......     77%         3    #......
 Corona                   Hex            #......      38%         1    None
 Alistair's Intoxication  Tmut/Pois      #.......     100%        5    #####..
 Lee's Rapid Deconstruct  Erth           #.........   100%        5    #####..
 Sandblast                Erth           #.....       38%         1    None
 Simulacrum               Ice/Necr       #.........   100%        6    ######.
 Portal Projectile        Hex/Tloc       ###...       16%         3    #......
 Monstrous Menagerie      Summ           #.........   100%        7    #######
 Petrify                  Tmut/Erth      #.......     99%         4    ###....
 Orb of Destruction       Conj           #.........   100%        7    #######
 Malign Gateway           Summ/Tloc      ###.......   100%        7    #######
 Leda's Liquefaction      Hex/Erth       #.........   99%         4    ###....
 Summon Hydra             Summ           #.........   100%        7    #######
 Darkness                 Hex            #.........   100%        6    ######.
 Shroud of Golubria       Chrm/Tloc      ###.......   9%          2    None
 Inner Flame              Hex/Fire       #.......     77%         3    #......
 Iskenderun's Battlesphe  Conj/Chrm      #.......     100%        5    #####..
 Fulminant Prism          Conj/Hex       #.........   99%         4    ###....
 Dazzling Spray           Conj/Hex       #.....       77%         3    #......
 Force Lance              Conj/Tloc      ###.....     47%         4    ###....
 Searing Ray              Conj           #.....       52%         2    None
 Discord                  Hex            #.........   100%        8    #######
 Summon Lightning Spire   Summ/Air       #.......     99%         4    ###....
 Summon Guardian Golem    Hex/Summ       #.......     77%         3    #......
 Spellforged Servitor     Conj/Summ      #.........   100%        7    #######
 Summon Mana Viper        Hex/Summ       #.......     100%        5    #####..
 Gell's Gravitas          Tloc           #####.....   2%          3    #......
 Yara's Violent Unravell  Hex/Tmut       #.........   100%        5    #####..
 Lesser Beckoning         Tloc           #####.....   2%          3    #......
 Poisonous Vapours        Pois/Air       #.....       52%         2    None
 Borgnjor's Vile Clutch   Necr/Erth      #.........   100%        5    #####..


Dungeon Overview and Level Annotations

Branches:
Dungeon (15/15)            Temple (1/1) D:5            Lair (6/6) D:8
 Shoals (4/4) Lair:4        Snake (4/4) Lair:4        Slime (0/5) Lair:5
    Orc (2/2) D:11            Elf (3/3) Orc:2        Vaults (5/5) D:13
  Crypt (3/3) Vaults:2       Tomb (2/3) Crypt:3      Depths (5/5) D:15
   Hell (1/1)                 Zot (5/5) Depths:5
    Dis: Hell:1         Geh: Hell:1         Coc: Hell:1         Tar: Hell:1

Altars:
Cheibriados
Dithmenos
Elyvilon
Fedhas
Gozag
Hepliaklqana
Kikubaaqudgha
Makhleb
Nemelex Xobeh
Okawaru
Qazlal
Ru
Sif Muna
Trog
Uskayaw
Vehumet
Wu Jian
Xom
Yredelemnul
Zin
The Shining One
Beogh
Lugonu

Shops:
D:6 }   Orc:1 ![(!   Orc:2 **(!   Elf:1 *   Elf:3 }   Snake:3 ?   Zot:4 [[
Depths:1 *[   Depths:2 *

Portals:
Hell: Depths:1 Depths:2 Depths:3 Depths:4 Depths:5
Abyss: Depths:2 Depths:3 Depths:4 Depths:5
Pandemonium: Depths:1 Depths:3
Ziggurat: Depths:1

Annotations:
D:5 exclusion: 2 doors
D:9 2 transporters
D:10 1 runed door
Lair:5 1 runed door, exclusion: 4 oklob plants, Goofits's ghost, journeyman HaGl
Snake:3 1 runed door, Naaraqoc's ghost, journeyman FeAr
Crypt:1 3 runed doors, Pedghagu's ghost, adept GrFi
Crypt:2 2 runed doors, Dyivuergh's ghost, adept GrFi
Hell Geryon
Zot:3 2 transporters
Zot:5 15 runed doors, 1 exclusion


Innate Abilities, Weirdness & Mutations

You reflexively headbutt those who attack you in melee.
You have a pair of horns on your head.
You can translocate small distances at will.
You are clumsy. (Dex -2)
Armour fits poorly on your strangely shaped body.
Your body often deteriorates upon taking damage.
You are dopey. (Int -2)
Your magical capacity is low. (-10% MP)
You do not regenerate when monsters are visible.
You are weak. (Str -2)


Message History

You slice the rust devil!!
You are engulfed in dark miasma.
* * * LOW HITPOINT WARNING * * *
x2 You feel sick.
The shadow imp is distracted by the nearby gold.
The rust devil completely misses you.
You block the anaconda zombie's attack. x2
The greater mummy hits you but does no damage.
The ushabti shakes and rattles deafeningly!
The shadow imp shouts, "Go and return not, thou gleeking hasty-witted foot-licker!"
You hear a hideous shriek!
You slash the greater mummy! You headbutt the greater mummy!
The greater mummy is severely damaged.
You slice the titan zombie!! You barely miss the mummy.
You slash the anaconda zombie! You slash the rust devil!
You are engulfed in dark miasma.
* * * LOW HITPOINT WARNING * * *
x2 You feel sick.
The smoke demon gestures at you. Something smites you!
You die...
Your body crumbles into a pile of gold.

·
▒▒M▒▒▒▒▒▒▒▒▒▒▒▒▒▒
·········M4ZM···▒
·(·······3M@Z···▒
▒······M85▒▒▒▒··▒
▒····[··3·▒ ·▒
▒·······54▒▒▒▒··▒
··········zMW·····
··········4·······
···?··Z····M······
·····▒Z·M▒········
····$·Z···········


You could see a greater mummy, a mummy priest, an ushabti, a rust devil, a smoke
demon, a neqoxec, 2 mummies, a crimson imp, an anaconda zombie, a titan zombie
and a neutral alligator zombie (wandering).

Vanquished Creatures
  Mara (Tomb:2)
  4 orbs of fire
  A juggernaut (Depths:4)
  5 ancient liches
  A greater mummy (Tomb:1)
  Boris (Crypt:2)
  Bai Suzhen (Crypt:1)
  3 curse toes
  A caustic shrike (Depths:4)
  10 golden dragons
  Jory (Crypt:2)
  4 electric golems
  14 tentacled monstrosities
  A shard shrike zombie (Crypt:2)
  5 liches
  Rupert (Orc:2)
  6 Orb Guardians
  3 deep elf blademasters (Elf:3)
  7 ancient champions
  2 deep elf master archers (Elf:3)
  5 titans
  11 quicksilver dragons
  2 tentacled starspawn (Depths:2)
  Polyphemus (Shoals:3)
  Gastronok (Lair:3)
  9 sphinxes
  7 death cobs
  9 tengu reavers
  5 krakens
  18 storm dragons
  A shadow dragon (shapeshifter) (Depths:4)
  9 nagarajas (Snake:4)
  10 draconian monks
  3 revenants
  10 shadow dragons
  14 frost giants
  5 deep elf sorcerers (Elf:3)
  4 iron dragons
  4 curse skulls
  8 draconian scorchers
  2 imperial myrmidons (Desolation)
  8 fire giants
  15 vault wardens
  Louise (Shoals:1)
  A ghoul (Crypt:1)
  5 draconian knights
  A ghost moth (Depths:5)
  10 deep elf elementalists (Elf:3)
  2 angels (Elf:2)
  2 draconian shifters
  9 ironheart preservers
  3 draconian stormcallers
  2 draconian annihilators
  A war gargoyle (Vaults:4)
  22 very ugly things
  A reaper (Crypt:3)
  16 stone giants
  2 spriggan defenders (Depths:4)
  2 entropy weavers
  A lorocyproca (Depths:3)
  A green draconian (Zot:4)
  7 black draconians
  9 vampire knights
  11 deep elf demonologists
  20 purple draconians
  5 spark wasps
  A halazid warlock (Desolation)
  13 yellow draconians
  10 deep elf annihilators (Elf:3)
  A minotaur (Lab)
  2 white draconians
  A dire elephant (shapeshifter) (Vaults:5)
  9 red draconians
  2 eidola (Crypt:2)
  9 statues (WizLab)
  6 ragged hierophants (Desolation)
  10 ettins
  Josephine (Orc:1)
  5 merfolk javelineers
  3 crystal guardians (Desolation)
  6 mummy priests
  11 deep elf death magi
  5 fire dragons
  16 merfolk impalers
  18 yaktaur captains
  17 jiangshi
  7 great orbs of eyes
  3 deep elf high priests
  15 ice dragons
  34 vault guards
  4 peacekeepers (Desolation)
  2 servants of whispers (Desolation)
  A merfolk aquamancer (Shoals:4)
  5 rakshasas
  5 spriggan air magi
  7 naga warriors
  8 catoblepae
  6 hydras
  3 satyrs
  10 centaur warriors
  3 merfolk avatars (Shoals:4)
  12 death knights
  An alligator snapping turtle (Shoals:2)
  2 tengu warriors
  9 anacondas
  32 two-headed ogres
  7 deep troll shamans
  Urug (Orc:1)
  9 deep troll earth magi
  12 death yaks
  12 ogre magi
  3 orc high priests (Orc:2)
  11 vampire magi
  A titan zombie (Crypt:3)
  A spriggan berserker (Depths:1)
  5 shock serpents
  2 soul eaters
  22 deep elf knights
  13 naga sharpshooters
  4 shadow wraiths
  3 iron trolls
  A titan skeleton (Vaults:4)
  An iron giant zombie (Crypt:1)
  32 skeletal warriors
  5 hell knights (Depths:3)
  An iron troll (shapeshifter) (Vaults:5)
  5 salamander mystics
  3 unseen horrors
  8 flayed ghosts
  An orange crystal statue (Depths:3)
  4 glowing orange brains
  13 sea snakes
  A gelid demonspawn (Depths:3)
  A swamp dragon (shapeshifter) (D:13)
  A torturous demonspawn (Depths:3)
  A golden dragon zombie (Tomb:1)
  A deep troll (shapeshifter) (Elf:3)
  5 naga ritualists
  36 deep trolls
  3 wizards
  Pikel (D:6)
  A wolf spider zombie (Crypt:3)
  16 deep elf archers
  17 ironbrand convokers
  4 necromancers
  90 deep elf magi
  18 orc knights
  12 phantasmal warriors
  9 mana vipers
  2 wolf spiders (Vaults:1)
  8 cyclopes
  A stone giant zombie (Crypt:1)
  14 manticores
  12 orc sorcerers
  A cyclops (shapeshifter) (Depths:4)
  13 fauns
  40 ugly things
  22 salamanders
  6 merfolk sirens
  A shock serpent zombie (Tomb:1)
  3 ice statues (IceCv)
  20 moths of wrath
  24 black mambas
  A dire elephant zombie (Crypt:3)
  3 gargoyles
  3 guardian serpents
  17 vault sentinels
  Psyche (D:8)
  3 water nymphs
  9 naga magi
  2 human skeletons (Vaults:4)
  2 smoke demons
  3 large abominations (Depths:2)
  8 spiny frogs
  An efreet (Zot:4)
  2 hellions (Zot:4)
  8 komodo dragons
  A yaktaur (shapeshifter) (Vaults:4)
  A purple draconian zombie (Crypt:3)
  15 freezing wraiths
  An ancient zyme (Depths:2)
  46 yaktaurs
  A catoblepas skeleton (Crypt:3)
  A hellwing (Depths:5)
  3 tengu conjurers
  13 guardian mummies
  2 red devils (Depths:5)
  6 meliai (D:15)
  2 queen bees (shapeshifter)
  A yellow draconian skeleton (Crypt:3)
  14 trolls
  A polar bear (shapeshifter) (Vaults:5)
  A troll (shapeshifter) (Vaults:5)
  A polar bear (Lair:5)
  4 hornets
  8 wind drakes
  16 slime creatures
  A raiju (shapeshifter) (Depths:2)
  20 merfolk
  Grinder (D:3)
  39 saltlings (Desolation)
  15 blink frogs
  A slime creature (shapeshifter) (Elf:2)
  A hornet (shapeshifter) (Vaults:4)
  A hydra skeleton (Crypt:3)
  7 dream sheep (Lair:6)
  An ettin skeleton (Crypt:3)
  6 hippogriffs
  A meliai zombie (D:15)
  A stone giant simulacrum (Vaults:1)
  A redback (shapeshifter) (Depths:2)
  8 snapping turtles
  3 spriggans
  4 air elementals
  5 redbacks
  A tyrant leech zombie (Crypt:2)
  2 shadows
  A tarantella (Vaults:5)
  5 vampires
  15 wraiths
  15 water elementals
  54 yaks
  2 wyverns
  2 humans (D:13)
  8 ushabtiu (Tomb:1)
  A yak (shapeshifter) (Vaults:4)
  2 basilisks
  A chaos spawn (Depths:3)
  A hungry ghost (D:12)
  7 fire elementals
  A basilisk (shapeshifter) (Vaults:3)
  A steam dragon (D:11)
  2 yaktaur simulacra (Vaults:3)
  2 vampire mosquitoes (D:12)
  Menkaure (D:6)
  7 wargs
  5 acid dragons
  44 nagas
  3 floating eyes
  Duvessa (D:7)
  12 porcupines
  An infernal demonspawn skeleton (Crypt:2)
  21 water moccasins
  A floating eye (shapeshifter) (D:13)
  2 slaves (D:6)
  A phantom (D:10)
  A spiny frog skeleton (Crypt:2)
  8 ice beasts
  5 black bears
  A sky beast (D:8)
  49 orc warriors
  A necrophage (D:5)
  A blink frog zombie (Crypt:3)
  An eye of draining (shapeshifter) (Depths:2)
  2 eyes of draining
  A fire dragon simulacrum (Crypt:3)
  21 ogres
  A swamp dragon zombie (Crypt:3)
  10 boggarts
  A wolf (shapeshifter) (Depths:4)
  29 wolves
  23 centaurs
  11 crocodiles
  A swamp dragon skeleton (Crypt:2)
  14 bullfrogs
  A big kobold (D:12)
  A wyvern zombie (Crypt:2)
  A bullfrog (shapeshifter) (D:15)
  Dowan (D:7)
  4 earth elementals
  A water moccasin zombie (D:8)
  A wyvern skeleton (D:11)
  A water moccasin skeleton (D:10)
  A warg zombie (Crypt:3)
  11 scorpions
  A shapeshifter zombie (Crypt:1)
  A manticore simulacrum (Crypt:3)
  10 killer bees (D:9)
  A troll skeleton (Crypt:2)
  A raiju skeleton (Crypt:3)
  5 wights (D:15)
  5 howler monkeys
  5 electric eels
  A jelly (D:6)
  12 starcursed masses (Depths:2)
  A quasit (D:10)
  8 crimson imps
  2 bullfrog zombies
  4 centaur zombies
  7 hounds
  28 orc priests
  8 centaur skeletons
  5 bullfrog skeletons
  An iron imp (Depths:2)
  23 orc wizards
  4 iguanas
  14 worker ants
  A demigod zombie (Crypt:1)
  A sky beast zombie (Crypt:1)
  2 hound skeletons
  28 mummies
  11 gnolls
  12 adders
  5 shadow imps
  12 white imps (Orc:2)
  5 oozes
  A halfling skeleton (Crypt:1)
  6 worms
  2 dart slugs
  6 leopard geckos
  110 orcs
  8 bats
  9 giant cockroaches
  4 goblins
  6 hobgoblins
  6 jackals
  7 quokkas
  7 ball pythons
  2 frilled lizards (D:1)
  A gnoll zombie (Crypt:2)
  19 kobolds
  3 leopard gecko zombies
  An orc zombie (Crypt:1)
  2 quokka zombies
  5 rats
  3 plants
  2 starspawn tentacles (Depths:2)
  10 tentacles
2433 creatures vanquished.

Vanquished Creatures (others)
  An ice dragon (Depths:5)
  36 dancing weapons
  A black mamba (Lair:5)
  A dire elephant skeleton (Tomb:2)
  3 guardian mummies (Tomb:2)
  A water elemental (Elf:2)
  A flying skull (Tomb:2)
  A fire bat (shapeshifter) (Vaults:5)
  An orc priest (Vaults:1)
  A naga skeleton (Tomb:2)
  4 mummies
  An orc (Vaults:2)
  17 fungi
  13 plants
  2 starspawn tentacles (Depths:2)
  18 tentacles
102 creatures vanquished.

Grand Total: 2535 creatures vanquished

Notes
Turn   | Place    | Note
-------+----------+-------------------------------------------
     0 | D:1      | Azzok the Minotaur Fighter began the quest for the Orb.
     0 | D:1      | Reached XP level 1. HP: 19/19 MP: 0/0
   126 | D:1      | Reached XP level 2. HP: 26/26 MP: 1/1
   690 | D:2      | Reached XP level 3. HP: 31/31 MP: 2/2
  1021 | D:1      | Reached skill level 5 in Axes
  1174 | D:2      | Reached XP level 4. HP: 34/39 MP: 3/3
  1420 | D:2      | Found a bloodstained altar of Trog.
  1945 | D:3      | Reached XP level 5. HP: 45/45 MP: 4/4
  2174 | D:3      | Noticed Grinder
  2177 | D:3      | Paralysed by Grinder for 4 turns
  2201 | D:3      | Paralysed by Grinder for 7 turns
  2209 | D:3      | Killed Grinder
  2209 | D:3      | Reached XP level 6. HP: 9/51 MP: 5/5
  3838 | D:4      | Got a steaming great mace
  3967 | D:5      | Entered Level 5 of the Dungeon
  4087 | D:5      | Found a staircase to the Ecumenical Temple.
  4096 | Temple   | Entered the Ecumenical Temple
  4143 | Temple   | Became a worshipper of Gozag Ym Sagoz the Greedy
  4236 | D:5      | Reached XP level 7. HP: 52/57 MP: 6/6
  4348 | D:5      | Reached skill level 10 in Axes
  4588 | D:5      | Found a white marble altar of Elyvilon.
  5172 | D:5      | Reached XP level 8. HP: 64/64 MP: 7/7
  5652 | D:6      | Noticed Menkaure
  5888 | D:6      | Found Ximaucse's Gadget Shoppe.
  6126 | D:6      | Noticed Pikel
  6155 | D:6      | Killed Pikel
  6484 | D:6      | Reached XP level 9. HP: 67/71 MP: 8/8
  6541 | D:6      | Reached skill level 1 in Throwing
  6649 | D:6      | Identified the +10 great mace of Mayhem {distort, rElec rC+} (You found it on level 4 of the Dungeon)
  6681 | D:6      | Killed Menkaure
  7175 | D:7      | Noticed Duvessa
  7175 | D:7      | Noticed Dowan
  7185 | D:7      | Killed Duvessa
  7194 | D:7      | Killed Dowan
  7652 | D:7      | Reached skill level 5 in Fighting
  7652 | D:7      | Reached skill level 5 in Armour
  7815 | D:8      | Noticed Psyche
  7841 | D:8      | Killed Psyche
  8215 | D:8      | Found a staircase to the Lair.
  8235 | D:8      | Reached XP level 10. HP: 37/83 MP: 9/9
  9413 | D:9      | Noticed a two-headed ogre
  9425 | D:9      | Killed a two-headed ogre
  9425 | D:9      | Reached skill level 5 in Throwing
  9830 | D:9      | Noticed a fire crab
  9831 | D:9      | Found a transporter.
  9877 | D:9      | Found a transporter.
 10017 | D:10     | Entered Level 10 of the Dungeon
 10111 | D:10     | Reached skill level 15 in Axes
 10455 | D:10     | Found a runed door.
 11348 | D:11     | Reached XP level 11. HP: 84/97 MP: 10/10
 12060 | D:11     | Found a roughly hewn altar of Beogh.
 12060 | D:11     | Found a staircase to the Orcish Mines.
 12610 | D:10     | Reached skill level 10 in Fighting
 13026 | D:11     | Noticed a purple ugly thing
 13041 | D:11     | Killed a purple ugly thing
 13231 | Lair:1   | Entered Level 1 of the Lair of Beasts
 13862 | Lair:1   | Noticed a seven-headed hydra
 13920 | Lair:1   | Killed a seven-headed hydra
 14814 | Lair:2   | Reached XP level 12. HP: 86/110 MP: 11/11
 15436 | Lair:2   | Noticed a catoblepas
 15471 | Lair:2   | Killed a catoblepas
 16860 | Lair:3   | Noticed Gastronok
 16893 | Lair:3   | Killed Gastronok
 16893 | Lair:3   | Reached skill level 10 in Throwing
 17674 | Lair:3   | Noticed a six-headed hydra
 17691 | Lair:3   | Killed a six-headed hydra
 17858 | Lair:3   | Noticed a catoblepas
 17896 | Lair:3   | Killed a catoblepas
 18749 | Lair:4   | Noticed a death yak
 18750 | Lair:4   | Noticed a death yak
 18784 | Lair:4   | Killed a death yak
 18811 | Lair:4   | Noticed a death yak
 18838 | Lair:3   | Killed a death yak
 18838 | Lair:3   | Reached XP level 13. HP: 88/122 MP: 12/12
 19822 | Lair:4   | Found a stormy altar of Qazlal.
 19841 | Lair:4   | Found the +3 crown of Dyrovepreva {rElec Int+2 SInv}
 19981 | Lair:4   | Found a staircase to the Snake Pit.
 20238 | Lair:4   | Found a staircase to the Shoals.
 21319 | Lair:5   | Found a runed door.
 21322 | Lair:5   | Noticed Goofits's ghost (journeyman HaGl)
 21486 | Lair:5   | Found a staircase to the Slime Pits.
 22073 | Lair:6   | Entered Level 6 of the Lair of Beasts
 23042 | Lair:6   | Reached skill level 1 in Dodging
 24382 | Lair:6   | Reached XP level 14. HP: 77/133 MP: 13/13
 24756 | Lair:6   | Reached skill level 5 in Shields
 25952 | Orc:1    | Entered Level 1 of the Orcish Mines
 26480 | Orc:1    | Found a roughly hewn altar of Beogh.
 26497 | Orc:1    | Noticed Urug
 26527 | Orc:1    | Killed Urug
 26769 | Orc:1    | Found Ampuaca's Distillery.
 26779 | Orc:1    | Found Xinaphou's Weapon Boutique.
 26802 | Orc:1    | Found Vakoquzika's Distillery.
 26806 | Orc:1    | Bought a +6 war axe of electrocution for 529 gold pieces
 26816 | Orc:1    | Bought a potion of berserk rage for 60 gold pieces
 26816 | Orc:1    | Bought a potion of curing for 36 gold pieces
 26816 | Orc:1    | Bought a potion of haste for 120 gold pieces
 26816 | Orc:1    | Bought a potion of might for 48 gold pieces
 26851 | Orc:1    | Bought a potion of degeneration for 15 gold pieces
 26852 | Orc:1    | Bought 2 potions of haste for 300 gold pieces
 26852 | Orc:1    | Bought a potion of might for 60 gold pieces
 26852 | Orc:1    | Bought a potion of curing for 45 gold pieces
 26852 | Orc:1    | Bought a potion of heal wounds for 75 gold pieces
 26893 | Orc:1    | Noticed Josephine
 26948 | Orc:1    | Killed Josephine
 27024 | Orc:1    | Reached skill level 15 in Fighting
 27209 | Orc:1    | Found Xaraisk's Antique Armour Emporium.
 27225 | Orc:1    | Bought the +2 shield of Resistance {rF+ rC+ MR+} for 904 gold pieces
 27225 | Orc:1    | Found the +2 shield of Resistance {rF+ rC+ MR+}
 27360 | Orc:2    | Entered Level 2 of the Orcish Mines
 27360 | Orc:2    | Noticed Rupert
 27372 | Orc:2    | Killed Rupert
 27420 | Orc:2    | Found a frozen archway.
 27463 | IceCv    | Entered an ice cave
 27484 | IceCv    | Reached skill level 5 in Dodging
 28134 | Orc:2    | Found a roughly hewn altar of Beogh.
 28485 | Orc:2    | Found a staircase to the Elven Halls.
 29181 | Orc:2    | Found Haggefac's Distillery.
 29181 | Orc:2    | Found Umpoesyk's Weapon Shoppe.
 29183 | Orc:2    | Found Jebou's Assorted Antiques.
 29183 | Orc:2    | Found Affaguji's Assorted Antiques.
 29189 | Orc:2    | Bought a potion of mutation for 120 gold pieces
 29189 | Orc:2    | Bought a potion of haste for 150 gold pieces
 29189 | Orc:2    | Bought a potion of haste for 150 gold pieces
 29189 | Orc:2    | Bought a potion of haste for 150 gold pieces
 29189 | Orc:2    | Bought 2 potions of might for 120 gold pieces
 29189 | Orc:2    | Bought 2 potions of flight for 90 gold pieces
 29189 | Orc:2    | Bought a potion of flight for 45 gold pieces
 29191 | Orc:2    | Bought a scroll of blinking for 165 gold pieces
 29191 | Orc:2    | Bought a scroll of identify for 44 gold pieces
 29191 | Orc:2    | Bought a scroll of enchant weapon for 165 gold pieces
 29191 | Orc:2    | Bought a potion of heal wounds for 110 gold pieces
 29376 | Orc:2    | Bought an encrusted chain mail for 332 gold pieces
 29376 | Orc:2    | Identified the +6 chain mail "Rituw" {MR+ Regen+} (You bought it in a shop on level 2 of the Orcish Mines)
 29601 | D:12     | Found a sparkling altar of Nemelex Xobeh.
 30439 | D:13     | Reached XP level 15. HP: 140/141 MP: 14/14
 31118 | D:13     | Reached skill level 10 in Armour
 31206 | D:13     | Found a gate to the Vaults.
 31427 | D:14     | Found a labyrinth entrance.
 31445 | Lab      | Entered a labyrinth
 31743 | Lab      | Identified the Catalogue of Vitriolic Flight
 32237 | D:14     | Found a radiant altar of Vehumet.
 32621 | D:15     | Entered Level 15 of the Dungeon
 32801 | D:15     | Found a portal to a secret trove of treasure.
 33502 | D:15     | Found a staircase to the Depths.
 33808 | Depths:1 | Entered Level 1 of the Depths
 34065 | Shoals:1 | Entered Level 1 of the Shoals
 34096 | Shoals:1 | Noticed Louise
 34110 | Shoals:1 | Killed Louise
 35101 | Shoals:2 | Reached skill level 10 in Shields
 35212 | Shoals:2 | Reached XP level 16. HP: 94/152 MP: 15/15
 35597 | Shoals:3 | Noticed Polyphemus
 35899 | Shoals:3 | Killed Polyphemus
 36230 | Shoals:3 | Noticed a kraken
 36243 | Shoals:3 | Killed a kraken
 36295 | Shoals:3 | Noticed a kraken
 36304 | Shoals:3 | Killed a kraken
 36315 | Shoals:3 | Noticed a kraken
 36329 | Shoals:3 | Killed a kraken
 36421 | Shoals:3 | Noticed a kraken
 36429 | Shoals:3 | Killed a kraken
 36747 | Shoals:4 | Entered Level 4 of the Shoals
 36787 | Shoals:4 | Got a flickering emerald amulet
 36801 | Shoals:4 | Identified the amulet "Vucevupn" {+Rage rElec Dex+4} (You found it on level 4 of the Shoals)
 37466 | Shoals:4 | Reached skill level 10 in Dodging
 38157 | Shoals:4 | Reached XP level 17. HP: 89/161 MP: 16/16
 38267 | Shoals:4 | Got a barnacled rune of Zot
 38793 | Shoals:4 | Noticed a kraken
 38807 | Shoals:4 | Killed a kraken
 38972 | Snake:1  | Entered Level 1 of the Snake Pit
 39439 | Depths:1 | Bought a shimmering copper ring for 195 gold pieces
 39439 | Depths:1 | Bought a scroll of enchant weapon for 292 gold pieces
 39439 | Depths:1 | Bought a scroll of enchant weapon for 292 gold pieces
 39439 | Depths:1 | Identified the ring of the Jester {Fire -Tele Int+2 Stlth+} (You bought it in a shop on level 1 of the Depths)
 39442 | Depths:1 | Bought an ichor-stained plate armour for 1036 gold pieces
 39442 | Depths:1 | Bought an encrusted scale mail for 333 gold pieces
 39442 | Depths:1 | Identified the +5 plate armour "Mohoowk" {+Fly rPois rF+ Dex+4} (You bought it in a shop on level 1 of the Depths)
 39455 | Depths:1 | Identified the +3 scale mail of the Jabberwock {rElec rC+ Dex-3} (You bought it in a shop on level 1 of the Depths)
 39895 | Snake:1  | Identified a scroll of acquirement
 39897 | Snake:1  | Got a crude sapphire amulet
 39898 | Snake:1  | Identified the amulet "Nanihob" {Spirit rF+} (You acquired it on level 1 of the Snake Pit)
 40202 | Snake:1  | Reached skill level 15 in Throwing
 41769 | Snake:3  | Found Pim Em Gip's Magic Scroll Shoppe.
 41785 | Snake:3  | Bought a scroll of torment for 112 gold pieces
 41785 | Snake:3  | Bought a scroll of immolation for 52 gold pieces
 41785 | Snake:3  | Bought a scroll of magic mapping for 52 gold pieces
 41785 | Snake:3  | Bought a scroll of fog for 30 gold pieces
 41785 | Snake:3  | Bought a scroll of identify for 30 gold pieces
 42195 | Snake:3  | Found a runed door.
 42195 | Snake:3  | Noticed Naaraqoc's ghost (journeyman FeAr)
 42300 | Snake:4  | Entered Level 4 of the Snake Pit
 43585 | Snake:4  | Reached XP level 18. HP: 172/172 MP: 17/17
 44174 | Snake:4  | Got a serpentine rune of Zot
 44580 | Elf:1    | Entered Level 1 of the Elven Halls
 44694 | Elf:1    | Found a flickering gateway to a bazaar.
 44710 | Bazaar   | Entered a bazaar
 44710 | Bazaar   | Found Vorhacoe's Book Emporium.
 44710 | Bazaar   | Found Mutac's Food Shoppe.
 44710 | Bazaar   | Found Eqonun's Armour Shop.
 44712 | Bazaar   | Found Luiklenk's Magic Scroll Boutique.
 44712 | Bazaar   | Found Peutsiff's Armour Shoppe.
 44748 | Bazaar   | Bought a book of Spatial Translocations for 780 gold pieces
 44751 | Bazaar   | Bought a ration for 40 gold pieces
 44751 | Bazaar   | Bought a ration for 40 gold pieces
 44751 | Bazaar   | Bought a ration for 40 gold pieces
 44751 | Bazaar   | Bought a ration for 40 gold pieces
 44751 | Bazaar   | Bought a ration for 40 gold pieces
 44751 | Bazaar   | Bought a ration for 40 gold pieces
 44751 | Bazaar   | Bought a ration for 40 gold pieces
 44751 | Bazaar   | Bought a ration for 40 gold pieces
 44762 | Bazaar   | Bought a +2 cloak for 165 gold pieces
 44770 | Bazaar   | Bought a scroll of holy word for 112 gold pieces
 44770 | Bazaar   | Bought a scroll of enchant armour for 112 gold pieces
 44770 | Bazaar   | Bought a scroll of enchant weapon for 112 gold pieces
 44770 | Bazaar   | Bought 2 scrolls of identify for 60 gold pieces
 45073 | D:15     | Paralysed by fainting for 9 turns
 45461 | Elf:1    | Found Osiast's Assorted Antiques.
 46363 | Elf:2    | Found a ruined gateway.
 46391 | Elf:2    | Found a glowing silver altar of Zin.
 46391 | Elf:2    | Found a glowing golden altar of the Shining One.
 46393 | Elf:2    | Found a white marble altar of Elyvilon.
 46414 | Desolati | Entered the Desolation of Salt
 46579 | Desolati | Found the +10 Black Knight's horse barding {ponderous, rPois rN+}
 46589 | Desolati | Got a sparkling granite ring
 46590 | Desolati | Identified the ring of Fizxoh {Wiz rElec rC- Dex+5} (You found it in the Desolation of Salt)
 46607 | Desolati | Identified the Grimoire of Pantheism
 46612 | Desolati | Learned a level 2 spell: Blink
 46716 | Desolati | Got a shimmering diamond amulet
 46717 | Desolati | Identified the amulet of Joblem {Faith rPois rC+ MR+} (You found it in the Desolation of Salt)
 46729 | Desolati | Got a vibrating bronze amulet
 46730 | Desolati | Identified the amulet of Fixation {Acrobat rElec} (You found it in the Desolation of Salt)
 46772 | Desolati | Reached skill level 1 in Translocations
 46803 | Desolati | Reached skill level 15 in Armour
 46877 | Desolati | Reached skill level 1 in Spellcasting
 46913 | Desolati | Got a glittering copper amulet
 46914 | Desolati | Identified the amulet of Lem Limn {*Drain +Rage MR+++} (You found it in the Desolation of Salt)
 46928 | Desolati | Got a faintly glowing turquoise ring
 46929 | Desolati | Identified the ring of the Shrike {rC+ Dex+2 Slay+1} (You found it in the Desolation of Salt)
 46937 | Desolati | Identified the Collected Works on Enchantment
 46986 | Desolati | Reached XP level 19. HP: 181/181 MP: 19/19
 47213 | Elf:2    | Paralysed by a floating eye for 3 turns
 47223 | Elf:2    | Paralysed by a floating eye for 3 turns
 47448 | Elf:2    | Found a runed gate.
 47448 | Elf:2    | Found a runed gate.
 47505 | Elf:2    | Found a runed gate.
 48184 | Elf:3    | Entered Level 3 of the Elven Halls
 48515 | Elf:3    | Found Qune's Gadget Shop.
 49105 | Elf:3    | Reached skill level 15 in Shields
 49436 | Elf:3    | Reached XP level 20. HP: 168/191 MP: 24/24
 49894 | Elf:3    | Found the +2 robe of Vines {NoPotionHeal Regen+7}
 49999 | Elf:3    | Found the amulet of the Four Winds {rN+ MR+++ Clar}
 50034 | Elf:3    | Identified the Disquisition on Blistering Contamination
 50038 | Elf:3    | Identified the Collected Works on Execration
 50518 | Vaults:1 | Entered Level 1 of the Vaults
 51818 | Vaults:2 | Gained mutation: You are clumsy. (Dex -2) [a neqoxec]
 51850 | Vaults:2 | Reached skill level 5 in Translocations
 52407 | Vaults:2 | Found a staircase to the Crypt.
 52737 | Vaults:2 | Reached XP level 21. HP: 197/201 MP: 27/27
 52775 | Vaults:2 | Reached skill level 5 in Spellcasting
 54460 | Vaults:4 | Reached skill level 15 in Dodging
 55891 | Vaults:4 | Reached XP level 22. HP: 211/211 MP: 28/30
 56072 | Vaults:5 | Entered Level 5 of the Vaults
 56082 | Vaults:5 | Noticed an ancient lich
 56086 | Vaults:5 | Noticed a golden dragon
 56217 | Vaults:5 | Killed an ancient lich
 56237 | Vaults:5 | Killed a golden dragon
 57957 | Vaults:5 | Reached XP level 23. HP: 216/220 MP: 32/32
 58095 | Vaults:5 | Got a crude iron ring
 58197 | Vaults:5 | Noticed an ancient lich
 58203 | Vaults:5 | Killed an ancient lich
 58399 | Vaults:5 | Got a silver rune of Zot
 58725 | Vaults:5 | Identified the ring "Jidyshist" {Int+2 Dex+3} (You took it off a tengu reaver on level 5 of the Vaults)
 59217 | Depths:1 | Found a one-way gate leading to the halls of Pandemonium.
 59266 | Depths:1 | Found a gateway to a ziggurat.
 59491 | Depths:1 | Found a gateway to Hell.
 60135 | Depths:2 | Paralysed by a floating eye for 4 turns
 60416 | Depths:2 | Found a one-way gate to the infinite horrors of the Abyss.
 60701 | Depths:2 | Found Haffipn's Humungous Hoard.
 60710 | Depths:2 | Bought 2 potions of heal wounds for 230 gold pieces
 60710 | Depths:2 | Bought 2 potions of haste for 460 gold pieces
 60838 | Depths:2 | Found a transporter.
 60841 | Depths:2 | Found a corrupted altar of Lugonu.
 61054 | Depths:2 | Identified the Grimoire of Air and Poisoning
 61099 | Depths:2 | Found a transporter.
 61672 | Depths:3 | Reached XP level 24. HP: 227/229 MP: 32/33
 61891 | Depths:3 | Found a shimmering altar of Xom.
 62150 | Depths:3 | Found a sparkling altar of Nemelex Xobeh.
 62258 | Depths:4 | Found a magical portal.
 62292 | WizLab   | Entered Iskenderun's Mystic Tower
 63301 | WizLab   | Identified Iskenderun's Tome of Confrontation
 63301 | WizLab   | Identified Iskenderun's Volume of Attacks
 63600 | Depths:4 | Paralysed by a floating eye for 2 turns
 64265 | Depths:4 | Noticed a juggernaut
 64333 | Depths:4 | Killed a juggernaut
 64661 | Depths:4 | Got a pitted glass ring
 64662 | Depths:4 | Identified the ring "Sadam" {rElec rC+ Str+3} (You found it on level 4 of the Depths)
 64785 | Depths:4 | Got a faintly humming cloak
 64786 | Depths:4 | Identified the +0 cloak of July {rF+++ Str-2 Int+4} (You found it on level 4 of the Depths)
 65347 | Depths:5 | Entered Level 5 of the Depths
 65361 | Depths:5 | Reached XP level 25. HP: 198/238 MP: 34/34
 66278 | Depths:5 | Noticed a juggernaut
 66383 | Depths:5 | Got a pair of steaming boots
 66384 | Depths:5 | Identified the +1 pair of boots of Grottiness {Int+4} (You found it on level 5 of the Depths)
 66771 | Depths:5 | Found a gate to the Realm of Zot.
 66792 | Depths:5 | Got an encrusted hat
 66793 | Depths:5 | Identified the +2 hat of Hepliaklqana's Whim {*Slow rC+ MR+ Regen+} (You acquired it on level 5 of the Depths)
 66814 | Zot:1    | Entered Level 1 of the Realm of Zot
 70293 | Zot:3    | Found a transporter.
 70760 | Zot:3    | Reached XP level 26. HP: 233/253 MP: 34/34
 71587 | Zot:3    | Found a transporter.
 72160 | Zot:4    | Noticed an orb of fire
 72167 | Zot:4    | Lost mutation: You are clumsy. (Dex -2) [an orb of fire]
 72182 | Zot:4    | Gained mutation: You are clumsy. (Dex -2) [an orb of fire]
 72200 | Zot:4    | Gained mutation: You can translocate small distances at will. [an orb of fire]
 72810 | Zot:3    | Gained mutation: Your body sometimes deteriorates upon taking damage. [an orb of fire]
 72811 | Zot:3    | Killed an orb of fire
 73882 | Zot:5    | Entered Level 5 of the Realm of Zot
 74023 | Zot:5    | Noticed an orb of fire
 74026 | Zot:5    | Noticed an ancient lich
 74033 | Zot:4    | Gained mutation: Your magical capacity is low. (-10% MP) [an orb of fire]
 74045 | Zot:4    | Gained mutation: Your body often deteriorates upon taking damage. [an orb of fire]
 74048 | Zot:4    | Killed an orb of fire
 74150 | Zot:4    | Killed an ancient lich
 74556 | Zot:5    | Noticed an orb of fire
 74557 | Zot:5    | Gained mutation: Armour fits poorly on your strangely shaped body. [an orb of fire]
 74561 | Zot:5    | Gained mutation: You do not regenerate when monsters are visible. [an orb of fire]
 74573 | Zot:4    | Gained mutation: You are dopey. (Int -2) [an orb of fire]
 74586 | Zot:4    | Gained mutation: You are weak. (Str -2) [an orb of fire]
 74587 | Zot:4    | Killed an orb of fire
 74943 | Zot:5    | Found a huge runed gate.
 74943 | Zot:5    | Found a huge runed gate.
 74943 | Zot:5    | Found a huge runed gate.
 74943 | Zot:5    | Found a huge runed gate.
 74943 | Zot:5    | Found a huge runed gate.
 74945 | Zot:5    | Found a huge runed gate.
 74948 | Zot:5    | Found a huge runed gate.
 74948 | Zot:5    | Found a huge runed gate.
 74948 | Zot:5    | Found a huge runed gate.
 74948 | Zot:5    | Found a huge runed gate.
 74948 | Zot:5    | Found a huge runed gate.
 74949 | Zot:5    | Found a huge runed gate.
 74949 | Zot:5    | Found a huge runed gate.
 74950 | Zot:5    | Found a huge runed gate.
 74951 | Zot:5    | Found a huge runed gate.
 74960 | Zot:5    | Noticed an ancient lich
 74976 | Zot:5    | Killed an ancient lich
 75054 | Zot:5    | Noticed an orb of fire
 75071 | Zot:5    | Killed an orb of fire
 75071 | Zot:5    | Reached XP level 27. HP: 215/268 MP: 31/31
 75109 | Zot:5    | Noticed an ancient lich
 75116 | Zot:5    | Killed an ancient lich
 75181 | Zot:4    | Bought the +6 fire dragon scales of Otuxucys {*Corrode rPois rF++ rC- MR+} for 1310 gold pieces
 75337 | Hell     | Entered the Vestibule of Hell
 75337 | Hell     | Noticed Geryon
 75478 | D:15     | You paid a toll of +6 fire dragon scales to enter a treasure trove
 75479 | Trove    | Entered a treasure trove
 75492 | Trove    | Got a heavily runed zirconium amulet
 75493 | Trove    | Identified the amulet of Ododgh {Gourm MR++ Dex-3 Slay+3} (You found it in a treasure trove)
 75500 | Trove    | Got a heavily runed brass ring
 75501 | Trove    | Identified the ring of Joy {rC+ Int+2 SInv} (You found it in a treasure trove)
 75504 | Trove    | Got a slimy turquoise ring
 75505 | Trove    | Identified the ring "Eguafisu" {Int+5 Stlth+} (You found it in a treasure trove)
 75508 | Trove    | Got a slimy garnet amulet
 75509 | Trove    | Identified the amulet "Aneiz" {Gourm *Drain Int+9 Dex-3 Stlth+} (You found it in a treasure trove)
 75512 | Trove    | Got a sparkling iron ring
 75513 | Trove    | Identified the ring of Dicasume {rC+ Str+6 Int-5 Dex+9} (You found it in a treasure trove)
 75517 | Trove    | Got a bound sapphire amulet
 75518 | Trove    | Identified the amulet "Zinoffic" {Gourm Dex+4} (You found it in a treasure trove)
 75531 | Trove    | Got a shimmering bone ring
 75532 | Trove    | Identified the ring "Curuycs" {-Tele rN+ AC+1 Dex+4 Slay+5} (You found it in a treasure trove)
 75535 | Trove    | Got a heavily runed golden amulet
 75536 | Trove    | Identified the amulet "Onuss" {Acrobat rC+ rN+ Dex+4} (You found it in a treasure trove)
 75551 | D:15     | Learned a level 1 spell: Apportation
 75556 | D:15     | Learned a level 4 spell: Passage of Golubria
 75717 | Crypt:1  | Entered Level 1 of the Crypt
 75917 | Crypt:1  | Found a runed gate.
 75921 | Crypt:1  | Found a runed gate.
 75921 | Crypt:1  | Found a runed gate.
 75926 | Crypt:1  | Noticed Pedghagu's ghost (adept GrFi)
 75983 | Crypt:1  | Noticed Bai Suzhen
 76020 | Crypt:1  | Killed Bai Suzhen
 77087 | Crypt:2  | Noticed Boris
 77316 | Crypt:2  | Killed Boris
 77459 | Crypt:2  | Noticed Jory
 77474 | Crypt:2  | Killed Jory
 77652 | Crypt:2  | Found a large runed door.
 77652 | Crypt:2  | Found a large runed door.
 77653 | Crypt:2  | Noticed Dyivuergh's ghost (adept GrFi)
 78180 | Crypt:3  | Entered Level 3 of the Crypt
 78582 | Crypt:3  | Reached skill level 27 in Fighting
 79320 | Crypt:3  | Found a staircase to the Tomb.
 79339 | Tomb:1   | Entered Level 1 of the Tomb of the Ancients
 80677 | Tomb:1   | Noticed a greater mummy
 80695 | Tomb:1   | Killed a greater mummy
 81257 | Tomb:2   | Noticed Mara
 81260 | Tomb:2   | Noticed Azzok's illusion
 81261 | Tomb:2   | Noticed a greater mummy
 81261 | Tomb:2   | Noticed a greater mummy
 81264 | Tomb:2   | Killed Mara
 81265 | Tomb:2   | Noticed a greater mummy
 81265 | Tomb:2   | Noticed a greater mummy
 81268 | Tomb:2   | Reached skill level 27 in Axes
 81299 | Tomb:2   | HP: 20/405 [ushabti] (5)]
 81301 | Tomb:2   | HP: 5/405 [ushabti] (7)]
 81301 | Tomb:2   | Killed from afar by a smoke demon

Vault maps used:
D:1:      doesnt_arrival_eight_statues
D:2:      trog_three_pillars_becter
D:3:      uniq_grinder
D:4:      minmay_vboxes
D:5:      cheibrodos_two_vegetables, elyvilon_altar_1, lemuel_temple_firewalk_b,
          first_ration
D:6:      serial_shops, nicolae_shop_crystal, nicolae_underground_beach,
          uniq_pikel, uniq_menkaure
D:7:      the_bakery, uniq_duvessa
D:8:      grunt_lair_entry_orc_guard_hut, item_on_display_a, uniq_psyche
D:9:      gammafunk_wand_slinger, minivault_1
D:10:     minivault_13
D:11:     david_orc_5, special_room
D:12:     basic_altar, minmay_door_square
D:13:     grunt_vaults_entry_fortified, kennysheep_boxes
D:14:     lemuel_crystal_altar, lab_entry_generic, kennysheep_diamond,
          kennysheep_donut
D:15:     grunt_enter_depths_snipers, hangedman_abyss_or_decor_stagger,
          nicolae_trove_entry_free_sample
Temple:   nicolae_temple_the_god_donut
Lair:1:   grunt_megastairs_3, serial_bayou_shore_b, infiniplex_staircase_pool_2
Lair:3:   uniq_gastronok
Lair:4:   elwin_shoals_entry_stream, minmay_snake_entry_six_corridors,
          basic_altar
Lair:5:   minmay_slime_entry_oklob_enclosed, ebering_ghost_funeral_grove,
          serial_bayou_crossing, grunt_megastairs_4, lemuel_fruit_tree,
          lemuel_fruit_fields
Lair:6:   evilmike_catoblepas_cave, serial_bayou_shore_b
Shoals:1: uniq_louise
Shoals:3: nicolae_shoals_kraken_party, uniq_polyphemus
Shoals:4: shoals_end_grunt_ice
Snake:2:  st_stairs_9
Snake:3:  ebering_ghost_inner_flame, serial_shops, nicolae_shop_trees,
          st_stairs_2, serial_bayou_pond_a
Snake:4:  minmay_snake_end_coiled, nicolae_coiled_stairwell_up
Orc:1:    basic_altar, serial_shops, shop, nicolae_shop_crystal, shop,
          nicolae_shop_stone, uniq_urug, uniq_josephine
Orc:2:    grunt_orc_tribal_feast, basic_altar, portal_ice_cave_entry_imps,
          uniq_rupert
Elf:1:    eino_elf_arrival_the_gate, serial_glass, glass_columns_c,
          glass_columns_a, serial_shops, bzr_entry_lakeside,
          nicolae_shop_window_shopping, hangedman_elven_crosses_minicolossus
Elf:2:    portal_desolation_entry_holy_temple, onia_ninara_cookie
Elf:3:    minmay_elf_hall_hex, serial_shops, shop
Vaults:1: hangedman_vaults_pinch, v_rooms_2, vaults_standard_mumra_lines,
          nicolae_vaults_disjoint_gnomons,
          vaults_standard_mumra_enter_the_diamond, ontoclasm_vaults_bender,
          hangedman_vaults_stretched_pinwheel
Vaults:2: vaults_mumra_hex, nicolae_vaults_little_squares_6,
          blue_anna_dwarven_crypt, nicolae_vaults_alarming, v_rooms_6,
          nicolae_vaults_little_squares_3, nicolae_vaults_yaktaur_gun_rack,
          vaults_standard_mumra_x, nicolae_vaults_three_branches,
          hangedman_vaults_corner_blocks
Vaults:3: hangedman_vaults_stretched_pinwheel, v_misc_1, v_alt_pattern_1,
          hangedman_vaults_variations, v_pattern_5, v_misc_31, v_misc_29,
          vaults_dpeg_cross, v_misc_5, nicolae_vaults_circle_grid_a,
          v_alt_pattern_1
Vaults:4: nicolae_vaults_little_ls, vaults_dpeg_encased_lava,
          ontoclasm_vaults_hangar, vaults_standard_mumra_enter_the_diamond,
          grunt_vaults_funnel, vaults_room_fours, hangedman_vaults_stream,
          nicolae_vaults_halls_meeting, ontoclasm_vaults_eye,
          grunt_vaults_diagonal, ontoclasm_vaults_loading_screen,
          ontoclasm_vaults_chip, nicolae_vaults_little_squares_2
Crypt:1:  ebering_ghost_rock_garden, grunt_megastairs_1, uniq_bai_suzhen
Crypt:2:  ebering_ghost_disaster_area, uniq_jory, uniq_boris
Crypt:3:  lightli_unholy_cathedral,
          nicolae_tomb_entry_unfolded_pyramid_orthogonal, grunt_ministairs_13
Tomb:2:   uniq_mara
Depths:1: enter_ziggurat_c, hell_entry, pan_entry, minmay_crystal_water,
          minmay_acid_items, serial_bayou_shore_a
Depths:2: gammafunk_corrupted_shrine, abyss_entry, grunt_hell_entry_dis_grunt,
          nrook_pool_corridor, nicolae_alphabet_shops
Depths:3: due_chaos_kobolds, pf_dread_powers_of_hell, abyss_entry,
          rand_demon_pan_entry_9, minmay_holes, minivault_10,
          nemelex_diamond_rough_becter, serial_bayou_shore_b,
          infiniplex_staircase_pillars_2
Depths:4: minmay_four_inscribed_fans, infiniplex_enter_wizlab_water,
          nicolae_abyss_entry_one_way_or_another, hell_entry
Depths:5: evilmike_zot_entry_hall, hangedman_abyss_entry_splay,
          minmay_misc_feat_square, hellmouth_1
Zot:3:    gammafunk_its_a_trap
Zot:4:    hangedman_hellfire_club
Zot:5:    door_vault
Lab:      lab_hedge, nicolae_lab_garden, nicolae_lab_very_dead_end
Bazaar:   bazaar_minmay_generic_island
Trove:    trove_jewel_1
IceCv:    ice_cave_statue_garden_chambered
WizLab:   wizlab_iskenderun

Skill      XL: |  1  2  3  4  5  6  7  8  9 10 11 12 13 14 15 16 17 18 19 20 21 22 23 24 25 26 27 |
---------------+----------------------------------------------------------------------------------+-----
Axes           | 3 4 5 6 8 9 11 13 14 15 16 17 18 19 20 22 24 27 | 27.0
Fighting       | 6 9 11 13 14 15 16 17 18 19 20 21 22 23 25 27 | 27.0
Throwing       | 4 6 9 10 12 13 14 15 16 17 18 19 | 19.3
Armour         | 6 7 9 11 12 13 15 16 17 18 19 | 19.5
Dodging        | 2 6 8 10 11 12 13 14 15 16 17 | 17.5
Shields        | 4 7 10 11 13 14 15 16 17 18 19 | 19.1
Translocations | 1 3 5 6 7 8 9 |  9.8
Spellcasting   | 1 3 4 6 7 8 |  8.9

Action                   |  1- 3 |  4- 6 |  7- 9 | 10-12 | 13-15 | 16-18 | 19-21 | 22-24 | 25-27 || total
-------------------------+-------+-------+-------+-------+-------+-------+-------+-------+-------++-------
Melee: War axe           |    69 |   134 |   159 |       |   431 |       |       |       |       ||   793
       Headbutt          |    13 |    21 |    78 |   252 |   346 |   217 |   275 |   385 |   562 ||  2149
       Whip              |       |       |   198 |   975 |   742 |       |       |       |       ||  1915
       Broad axe         |       |       |       |       |   258 |  1019 |   923 |  1040 |  1623 ||  4863
Throw: Javelin           |       |       |       |     8 |    70 |   115 |   157 |    89 |   112 ||   551
 Cast: Blink             |       |       |       |       |       |       |       |       |     6 ||     6
Invok: Call Merchant     |       |       |       |       |     1 |     1 |       |       |     2 ||     4
       Potion Petition   |       |       |       |       |       |       |       |     2 |     4 ||     6
       Bribe Branch      |       |       |       |       |       |       |       |       |     1 ||     1
 Abil: Blink             |       |       |       |       |       |       |       |       |     1 ||     1
Evoke: Wand              |       |       |       |     4 |       |       |       |     1 |       ||     5
       Lightning rod     |       |       |       |     4 |     6 |       |       |       |       ||    10
  Use: Potion            |       |     1 |       |       |     1 |     5 |       |     4 |     3 ||    14
       Scroll            |       |     8 |     1 |     8 |    23 |    16 |     1 |    10 |    17 ||    84
 Stab: Distracted        |       |       |       |     5 |     4 |     6 |    17 |    14 |    11 ||    57
       Invisible         |       |       |       |       |     9 |       |       |       |       ||     9
  Eat: Chunk             |       |    11 |     3 |       |       |       |       |       |       ||    14
       Ration            |       |       |     3 |    10 |    15 |    12 |     8 |     9 |    15 ||    72
Armor: Scale mail        |    62 |     7 |       |       |       |       |       |       |       ||    69
       Plate armour      |       |    47 |   123 |   309 |   346 |   122 |   194 |   318 |   586 ||  2045
       Chain mail        |       |       |       |       |   151 |   194 |    36 |       |       ||   381
Dodge: Dodged            |    28 |    25 |    41 |   108 |   253 |   368 |   295 |   391 |   679 ||  2188
Block: Shield            |    54 |    59 |   134 |   310 |   560 |   694 |   541 |   672 |  1162 ||  4186

Table legend:
 A = Non-vault XP
 B = Vault XP
 C = Vault XP percentage of total XP
 D = Non-vault monster count
 E = Vault monster count
 F = Vault count percentage of total count
 G = Total turns spent on level
                 A         B        C        D         E       F
            +---------+---------+-------+---------+---------+-------
      Total |  895920 |  802550 |  47.3 |    1556 |     898 |  36.6
            +---------+---------+-------+---------+---------+-------
        D:1 |      68 |       0 |   0.0 |      22 |       0 |   0.0
        D:2 |     125 |       0 |   0.0 |      22 |       0 |   0.0
        D:3 |     113 |     272 |  70.6 |      20 |       1 |   4.8
        D:4 |      17 |      74 |  81.3 |       5 |       6 |  54.5
        D:5 |     523 |     279 |  34.8 |      15 |       3 |  16.7
        D:6 |     980 |     823 |  45.6 |      28 |       2 |   6.7
        D:7 |     312 |     455 |  59.3 |      17 |       3 |  15.0
        D:8 |     709 |     902 |  56.0 |      23 |       5 |  17.9
        D:9 |    2408 |       0 |   0.0 |      29 |       0 |   0.0
       D:10 |    2284 |     710 |  23.7 |      23 |       4 |  14.8
       D:11 |    4022 |    1504 |  27.2 |      27 |      39 |  59.1
       D:12 |    3848 |       0 |   0.0 |      25 |       0 |   0.0
       D:13 |   11040 |    7223 |  39.5 |      37 |      10 |  21.3
       D:14 |    3674 |     495 |  11.9 |      20 |       1 |   4.8
       D:15 |   11458 |    2354 |  17.0 |      34 |       3 |   8.1
     Lair:1 |    4404 |     409 |   8.5 |      20 |       2 |   9.1
     Lair:2 |    5892 |       0 |   0.0 |      26 |       0 |   0.0
     Lair:3 |    8998 |    2224 |  19.8 |      37 |       1 |   2.6
     Lair:4 |    5830 |    3578 |  38.0 |      20 |      20 |  50.0
     Lair:5 |    5373 |    1434 |  21.1 |      25 |       3 |  10.7
     Lair:6 |    8914 |   12312 |  58.0 |      32 |      23 |  41.8
   Shoals:1 |    2000 |    1677 |  45.6 |       5 |       1 |  16.7
   Shoals:2 |   17682 |    2661 |  13.1 |      27 |       3 |  10.0
   Shoals:3 |   12613 |   12453 |  49.7 |      25 |       7 |  21.9
   Shoals:4 |    9633 |   24463 |  71.7 |      17 |      36 |  67.9
    Snake:1 |   17547 |       0 |   0.0 |      31 |       0 |   0.0
    Snake:2 |    5400 |    1506 |  21.8 |       9 |       3 |  25.0
    Snake:3 |   11293 |    1404 |  11.1 |      22 |       2 |   8.3
    Snake:4 |   23185 |   24577 |  51.5 |      38 |      41 |  51.9
      Orc:1 |    3697 |    3241 |  46.7 |      20 |       7 |  25.9
      Orc:2 |    3099 |    9710 |  75.8 |      43 |      41 |  48.8
      Elf:1 |   18336 |   11727 |  39.0 |      29 |      18 |  38.3
      Elf:2 |    8038 |   36972 |  82.1 |      14 |      51 |  78.5
      Elf:3 |   25182 |   63682 |  71.7 |      40 |      42 |  51.2
   Vaults:1 |   15508 |   15354 |  49.8 |      32 |      30 |  48.4
   Vaults:2 |   43910 |   16771 |  27.6 |      75 |      23 |  23.5
   Vaults:3 |   24041 |   15857 |  39.7 |      39 |      21 |  35.0
   Vaults:4 |   40445 |   28637 |  41.5 |      64 |      41 |  39.0
   Vaults:5 |   43536 |  136808 |  75.9 |      70 |      91 |  56.5
    Crypt:1 |   29479 |   11767 |  28.5 |      40 |       8 |  16.7
    Crypt:2 |   28241 |    9637 |  25.4 |      38 |       2 |   5.0
    Crypt:3 |   15311 |   42648 |  73.6 |      17 |      52 |  75.4
     Tomb:1 |    4203 |   29848 |  87.7 |      15 |      32 |  68.1
     Tomb:2 |    1460 |    9665 |  86.9 |       4 |       5 |  55.6
   Depths:1 |   38170 |       0 |   0.0 |      47 |       0 |   0.0
   Depths:2 |   34198 |    9391 |  21.5 |      55 |      13 |  19.1
   Depths:3 |   25024 |    4220 |  14.4 |      32 |      16 |  33.3
   Depths:4 |   42696 |   70881 |  62.4 |      40 |      32 |  44.4
   Depths:5 |   37615 |   17162 |  31.3 |      35 |      15 |  30.0
      Zot:1 |   43549 |       0 |   0.0 |      28 |       0 |   0.0
      Zot:2 |   43000 |       0 |   0.0 |      25 |       0 |   0.0
      Zot:3 |   76861 |       0 |   0.0 |      36 |       0 |   0.0
      Zot:4 |   47826 |   37570 |  44.0 |      26 |      13 |  33.3
      Zot:5 |   20904 |   44927 |  68.2 |      10 |      11 |  52.4
        Lab |    1246 |    1051 |  45.8 |       1 |       3 |  75.0
      IceCv |       0 |    3145 | 100.0 |       0 |      11 | 100.0
     WizLab |       0 |   32802 | 100.0 |       0 |      36 | 100.0
 Desolation |       0 |   35288 | 100.0 |       0 |      65 | 100.0
            +---------+---------+-------+---------+---------+-------
